 Dungeon Crawl Stone Soup version 0.29-a0-581-ge9a90b782e (webtiles) character file.

Game seed: 9306288463009900674

5908 Lekart the Cleaver (level 10, -9/86 HPs)
             Began as a White Draconian Monk on June 14, 2022.
             Was a Priest of the Shining One.
             Mangled by a catoblepas (29 damage)
             ... on level 9 of the Dungeon.
             The game lasted 00:15:45 (10658 turns).

Lekart the Cleaver (White Draconian Monk)          Turns: 10658, Time: 00:15:45

Health: -9/86      AC: 13    Str: 14    XL:     10   Next: 53%
Magic:  14/14      EV: 15    Int: 10    God:    the Shining One [***...]
Gold:   518        SH:  8    Dex: 18    Spells: 7/12 levels left

rFire   + . .      SeeInvis .   c - +5 war axe
rCold   + . .      Faith    .   (no shield)
rNeg    + . .      Spirit   .   (body armour unavailable)
rPois   .          Reflect  .   (helmet restricted)
rElec   .          Harm     .   k - +1 cloak
rCorr   .          Rampage  .   p - +0 pair of gloves
Will    .....                   m - +2 pair of boots
Stlth   +.........              (no amulet)
HPRegen 0.24/turn               (no ring)
MPRegen 0.14/turn               (no ring)

@: lethally poisoned (-9 -> -11), divinely shielded, about to teleport, slowed,
glowing, very slow
A: breathe frost, AC +7, unfitting armour, cold resistance 1, cold-blooded,
stinger 1, fire resistance 1
a: Breathe Frost, Renounce Religion, Divine Shield, Cleansing Flame


You were on level 9 of the Dungeon.
You worshipped the Shining One.
The Shining One was most pleased with you.
You visited 2 branches of the dungeon, and saw 10 of its levels.

You collected 518 gold pieces.

Inventory:

Hand Weapons
 a - a +1 falchion
 c - a +5 war axe (weapon)
Missiles
 l - a throwing net (quivered)
Armour
 k - a +1 cloak (worn)
 m - a +2 pair of boots (worn)
 p - a +0 pair of gloves (worn)
Jewellery
 f - an amulet of guardian spirit
 y - a +6 ring of intelligence
 C - a ring of wizardry
Wands
 j - a wand of charming (6)
 q - a wand of iceblast (5)
 u - a wand of flame (20)
 x - a wand of digging (9)
 B - a wand of paralysis (20)
Scrolls
 g - a scroll of blinking
 h - 2 scrolls of teleportation
 n - a scroll of fog {unknown}
 o - 2 scrolls of fear {unknown}
 w - a scroll of vulnerability {unknown}
 A - a scroll of enchant armour {unknown}
 D - a scroll of torment {unknown}
 E - a scroll of magic mapping {unknown}
Potions
 b - a potion of ambrosia
 d - 3 potions of haste
 e - 3 potions of flight {unknown}
 i - 2 potions of heal wounds
 s - 2 potions of invisibility
 t - 4 potions of lignification
 v - 2 potions of curing
 z - a potion of brilliance


   Skills:
 + Level 7.2 Fighting
 + Level 4.0 Long Blades
 + Level 10.7 Axes
 + Level 6.4 Dodging
 - Level 1.7 Stealth
 + Level 0.4 Shields
 * Level 1.5 Spellcasting
 * Level 1.8 Hexes
 * Level 1.5 Air Magic
 * Level 6.6 Invocations
 + Level 1.5 Evocations


You had 7 spell levels left.
You knew the following spells:

 Your Spells              Type           Power      Damage    Failure   Level
a - Silence               Hex/Air        2%         N/A       99%         5

Your spell library contained the following spells:

 Spells                   Type           Power      Damage    Failure   Level
 Apportation              Tloc           0%         N/A       32%         1
 Frozen Ramparts          Ice            0%         1d2       69%         3
 Ice Form                 Ice/Tmut       0%         N/A       97%         4
 Passage of Golubria      Tloc           0%         N/A       97%         4
 Summon Ice Beast         Ice/Summ       0%         N/A       97%         4
 Summon Mana Viper        Hex/Summ       2%         N/A       99%         5
 Alistair's Intoxication  Tmut/Pois      0%         N/A       100%        5
 Monstrous Menagerie      Summ           0%         N/A       100%        7
 Lehudib's Crystal Spear  Conj/Erth      0%         10d2      100%        8


Dungeon Overview and Level Annotations

Branches:
Dungeon (9/15)             Temple (1/1) D:4
   Lair: D:8-11         Orc: D:9-12

Altars:
Ashenzari
Cheibriados
Dithmenos
Elyvilon
Fedhas
Gozag
Hepliaklqana
Kikubaaqudgha
Makhleb
Nemelex Xobeh
Okawaru
Qazlal
Ru
Sif Muna
Trog
Vehumet
Wu Jian
Xom
Yredelemnul
The Shining One

Shops:
D:1 =

Annotations:
D:3 exclusion: downstairs


Innate Abilities, Weirdness & Mutations

You can breathe waves of freezing cold which knock back foes.
Your icy white scales are hard. (AC +7)
You cannot fit into any form of body armour.
Your flesh is cold resistant. (rC+)
You are cold-blooded and may be slowed by cold attacks.
Your tail ends in a venomous barb.
Your flesh is heat resistant. (rF+)


Message History

The blast of calcifying dust hits you but does no damage.
You are engulfed in calcifying dust.
The catoblepas gores you!!
You are engulfed in calcifying dust.
The catoblepas is no longer covered in acid.
The catoblepas gores you but does no damage.
You are engulfed in calcifying dust.
The catoblepas gores you!!
You are engulfed in calcifying dust.
The catoblepas breathes a plume of calcifying dust at you.
The blast of calcifying dust hits you.
You are engulfed in calcifying dust.
The catoblepas breathes a plume of calcifying dust at you.
The blast of calcifying dust hits you but does no damage.
You turn to flesh and can move again.
The catoblepas breathes a plume of calcifying dust at you.
The blast of calcifying dust hits you.
You are engulfed in calcifying dust.
A kobold brigand comes into view.
It is wielding a +0 short sword and quivering curare-tipped darts.
The kobold brigand shouts!
You hear an angry hiss.
The kobold brigand throws a curare-tipped dart.
The curare-tipped dart hits you.
You are poisoned.
You have difficulty breathing.
You feel yourself slow down.
Okay, then.
A steam dragon comes into view.
You feel very sick.
The kobold brigand throws a curare-tipped dart.
You block the curare-tipped dart.
You feel sick.
The kobold brigand throws a curare-tipped dart.
The curare-tipped dart misses you.
The curare-tipped dart barely misses the catoblepas.
The catoblepas attacks as you move away!
The catoblepas gores you!
* * * LOW HITPOINT WARNING * * *
You feel sick.
The kobold brigand hits you but does no damage.
The kobold brigand closely misses you. The catoblepas barely misses you.
As you read the scroll of teleportation, it crumbles to dust.
You feel strangely unstable.
You feel sick. The catoblepas gores you!!
You die...

....))................
....########.........
....#.......########.
....#.######.......#
#...# #.....######.#
#...# #.####§§...#
#...# #.†§####.# #...#
#.##...#Y# #. ##.#@#
.# #K# #. D#. #. #. .#
# #. .# #. .# .. .# ##
.#


You could see a catoblepas, a steam dragon and a kobold brigand.

Vanquished Creatures
  A two-headed ogre (D:8)
  Pikel (D:7)
  A manticore (D:9)
  A tengu conjurer (D:9)
  Grinder (D:5)
  Sigmund (D:4)
  Menkaure (D:6)
  A steam dragon (D:7)
  4 water moccasins
  3 orc warriors
  3 black bears (D:6)
  An ice beast (D:6)
  An ogre (D:7)
  2 centaurs
  A lemure (D:7)
  2 phantoms
  2 bullfrogs
  3 kobold brigands
  2 gnoll sergeants
  6 scorpions
  6 killer bees (D:6)
  5 howler monkeys
  5 crimson imps (D:8)
  2 hounds
  2 jellies
  A gnoll shaman (D:8)
  7 orc priests
  Crazy Yiuf (D:7)
  An iguana (D:5)
  2 orc wizards (D:8)
  12 gnolls
  6 adders
  2 shadow imps
  5 white imps
  3 worms
  A dart slug (D:2)
  21 orcs
  6 ball pythons
  9 bats
  5 endoplasms
  3 giant cockroaches
  8 goblins
  8 hobgoblins
  8 jackals
  4 quokkas
  A frilled lizard (D:3)
  21 kobolds
  3 rats
196 creatures vanquished.

Vanquished Creatures (collateral kills)
  A phantom (D:4)
  An iguana (D:4)
  A butterfly (D:4)
3 creatures vanquished.

Vanquished Creatures (others)
  5 fungi (D:5)
  A plant (D:3)
6 creatures vanquished.

Grand Total: 205 creatures vanquished

Notes
Turn   | Place    | Note
-------+----------+-------------------------------------------
     0 | D:1      | Lekart the Draconian Monk began the quest for the Orb.
     0 | D:1      | Reached XP level 1. HP: 19/19 MP: 1/1
    27 | D:1      | Found Exteom's Jewellery Shoppe.
   200 | D:1      | Reached XP level 2. HP: 7/26 MP: 2/2
  1466 | D:2      | Reached XP level 3. HP: 26/33 MP: 3/3
  2342 | D:3      | Reached skill level 1 in Axes
  2342 | D:3      | Reached XP level 4. HP: 28/40 MP: 4/4
  2589 | D:3      | Reached skill level 2 in Axes
  2589 | D:3      | Reached XP level 5. HP: 31/46 MP: 5/5
  2746 | D:3      | Found a faded altar of an unknown god.
  3174 | D:4      | Found a shimmering altar of Xom.
  3180 | D:4      | Noticed Sigmund
  3308 | D:4      | Gained mutation: Your tail ends in a venomous barb. [potion
                  | of mutation]
  3308 | D:4      | Gained mutation: Your flesh is cold resistant. (rC+)
                  | [potion of mutation]
  3308 | D:4      | Gained mutation: Your flesh is heat resistant. (rF+)
                  | [potion of mutation]
  3314 | D:4      | Noticed a phantom
  3320 | D:4      | Killed a phantom
  3321 | D:4      | Reached skill level 3 in Axes
  3321 | D:4      | Reached XP level 6. HP: 52/53 MP: 6/6
  3408 | D:4      | Killed Sigmund
  3409 | D:4      | Reached skill level 4 in Axes
  3923 | D:4      | Found a staircase to the Ecumenical Temple.
  3937 | Temple   | Entered the Ecumenical Temple
  4158 | Temple   | Became a worshipper of the Shining One
  4158 | Temple   | Reached * piety under the Shining One
  4158 | Temple   | Reached ** piety under the Shining One
  4237 | D:5      | Entered Level 5 of the Dungeon
  4383 | D:5      | Noticed a water moccasin
  4394 | D:5      | Killed a water moccasin
  4395 | D:5      | Reached skill level 5 in Axes
  4395 | D:5      | Your scales start taking on an icy white colour.
  4395 | D:5      | Reached XP level 7. HP: 56/60 MP: 4/7
  4395 | D:5      | Mutation became permanent: Your flesh is cold resistant.
                  | (rC+) [White Draconian growth]
  4395 | D:5      | Gained mutation: Your flesh is cold resistant. (rC+) [White
                  | Draconian growth]
  4646 | D:5      | Reached skill level 1 in Invocations
  5037 | D:5      | Reached skill level 5 in Fighting
  5056 | D:5      | Reached skill level 6 in Axes
  5288 | D:5      | Reached XP level 8. HP: 62/68 MP: 9/9
  5446 | D:5      | Noticed Grinder
  5451 | D:5      | Killed Grinder
  5452 | D:5      | Reached skill level 7 in Axes
  5556 | D:5      | Found the +7 Singing Sword {vorpal, sonic wave}
  6043 | D:6      | Noticed Menkaure
  6049 | D:6      | Killed Menkaure
  6208 | D:6      | Reached skill level 8 in Axes
  6254 | D:6      | Reached skill level 5 in Dodging
  6573 | D:6      | Reached XP level 9. HP: 67/75 MP: 12/12
  7399 | D:6      | Reached skill level 9 in Axes
  7399 | D:6      | Reached skill level 5 in Invocations
  7899 | D:7      | Found a runed translucent door.
  7900 | D:7      | Noticed Crazy Yiuf
  7968 | D:7      | Found a shadowy altar of Dithmenos.
  7974 | D:7      | Noticed Pikel
  7984 | D:7      | Killed Pikel
  8416 | D:7      | Reached *** piety under the Shining One
  9071 | D:7      | Killed Crazy Yiuf
  9083 | D:7      | Identified the +10 mace "Piese" {drain, rPois rF- rCorr
                  | Str-2}
  9175 | D:8      | Reached skill level 10 in Axes
  9176 | D:8      | Noticed a two-headed ogre
  9184 | D:8      | HP: 2/78 [two-headed ogre/+0 giant club (24)]
  9185 | D:8      | Killed a two-headed ogre
  9186 | D:8      | Reached skill level 1 in Evocations
  9186 | D:8      | Reached XP level 10. HP: 3/86 MP: 14/14
  9536 | D:7      | Learned a level 5 spell: Silence
  9868 | D:8      | Reached skill level 1 in Spellcasting
 10098 | D:8      | Reached skill level 1 in Hexes
 10300 | D:8      | Reached skill level 1 in Air Magic
 10538 | D:9      | Noticed a manticore
 10545 | D:9      | Killed a manticore
 10636 | D:9      | Noticed a catoblepas
 10658 | D:9      | Mangled by a catoblepas

Illustrated notes

Levels and vault maps discovered:
D:1:      minmay_arrival_floating_metal, layout_loops_ring, serial_shops,
          nicolae_shop_trees, serial_forest, infiniplex_forest_zigzag_1,
          infiniplex_forest_clump_small, infiniplex_forest_clump_large,
          infiniplex_forest_lined_2, infiniplex_forest_clump_tiny,
          infiniplex_forest_straight_5, infiniplex_forest_end_3,
          minmay_misc_feat_cross
D:2:      layout_rooms, minmay_door_square, minmay_misc_feat_plants,
          minmay_misc_feat_four_crosses
D:3:      layout_basic, shapermc_ecumenical_altar_acropolis,
          chequers_serial_rivers_micro_e, minmay_strange_pillars,
          kennysheep_decorative_pillar
D:4:      minmay_angry_zag, layout_basic, xom_butterflies,
          minmay_temple_entry_ruins, uniq_sigmund
D:5:      old_forge, layout_basic, minmay_fractal_squares_5, uniq_grinder
D:6:      layout_loops_ring, portal_sewer_entry_e, uniq_menkaure
D:7:      layout_layer_cave, mainiacjoe_overflow_boulevard,
          uniq_crazy_yiuf_cottage, uniq_pikel
D:8:      layout_loops_ring, minmay_nine_imps
D:9:      minmay_distorted_concentric_squares, layout_irregular_city,
          zin_purify, lair_entry_dummy, nzn_ghost_randoct, st_stairs_7
Temple:   hc_temple_tempest_star

Skill      XL: |  1  2  3  4  5  6  7  8  9 10 |
---------------+-------------------------------+-----
Dodging        | 3 4 5 6 |  6.4
Axes           | 1 2 3 5 6 8 10 | 10.7
Fighting       | 4 5 6 7 |  7.2
Long Blades    | 4 |  4.0
Invocations    | 2 4 6 |  6.6
Evocations     | 1 |  1.5
Spellcasting   | 1 |  1.5
Hexes          | 1 |  1.8
Air Magic      | 1 |  1.5
Stealth        | |  1.7
Shields        | |  0.4

Action                   |  1- 3 |  4- 6 |  7- 9 | 10-12 || total
-------------------------+-------+-------+-------+-------++-------
Melee: Falchion          |    97 |       |       |       ||    97
       Tailslap          |     8 |    13 |    47 |    26 ||    94
       War axe           |    14 |   119 |   220 |   103 ||   456
       Punch             |       |       |     1 |     1 ||     2
Throw: Throwing net      |     1 |       |       |       ||     1
Invok: Divine Shield     |       |     1 |       |     3 ||     4
 Abil: Breathe Frost     |       |       |     2 |       ||     2
Evoke: Wand              |       |     2 |    11 |     4 ||    17
  Use: Scroll            |     4 |     2 |     4 |     5 ||    15
       Potion            |     1 |     2 |     2 |       ||     5
 Stab: Sleeping          |     6 |     3 |       |       ||     9
Armor: Skin              |    37 |    37 |   100 |    40 ||   214
Dodge: Dodged            |    72 |    86 |   221 |    79 ||   458
Block: Other             |       |     2 |     1 |    11 ||    14

Table legend: (Time is in decaauts)
 A = Elapsed time spent in this place.
 B = Non-inter-level travel time spent in this place.
 C = Inter-level travel time spent in this place.
 D = Time resting spent in this place.
 E = Time spent auto-exploring this place.
 F = Levels seen in this place.
 G = Mean time per level.
                   A        B        C        D        E       F      G
               +--------+--------+--------+--------+--------+-----+--------+
         Total |  10765 |  10478 |    287 |    631 |   8348 |  10 | 1076.5 |
       Dungeon |  10527 |  10276 |    251 |    631 |   8164 |   9 | 1169.7 |
        Temple |    237 |    201 |     36 |      0 |    184 |   1 |  237.0 |
               +--------+--------+--------+--------+--------+-----+--------+

Top non-repeatable levels by time:
     D:7: 2000 daAuts
     D:6: 1829 daAuts
     D:1: 1409 daAuts
     D:5: 1280 daAuts
     D:3: 1036 daAuts
     D:8: 1027 daAuts
     D:4: 981 daAuts
     D:2: 833 daAuts
  Temple: 237 daAuts
     D:9: 129 daAuts
